 Dungeon Crawl Stone Soup version 0.23.2-1-ga50397a6bc (webtiles) character file.

Game seed: 3028993491587453992

5840 Freyura the Basher (level 10, 0/77 HPs)
             Began as a Demonspawn Fighter on May 25, 2019.
             Was a Follower of Nemelex Xobeh.
             Shot with an arrow by a centaur (7 damage)
             ... on level 10 of the Dungeon.
             The game lasted 00:28:25 (9229 turns).

Freyura the Basher (Demonspawn Fighter)             Turns: 9229, Time: 00:28:26

Health: 0/77       AC: 11    Str: 17    XL:     10   Next: 51%
Magic:  0/13       EV: 16    Int: 10    God:    Nemelex Xobeh [*.....]
Gold:   583        SH:  0    Dex: 20    Spells: 9/9 levels left

rFire    . . .     SeeInvis +   o - +4 dire flail
rCold    . . .     Gourm    .   (shield currently unavailable)
rNeg     . . .     Faith    .   b - +0 scale mail
rPois    +         Spirit   +   C - +1 helmet
rElec    .         Reflect  .   A - scarf {Spirit}
rCorr    .         Harm     .   (no gloves)
MR       .....                  (no boots)
Stlth    +++.......             (no amulet)
HPRegen  0.22/turn              z - ring of see invisible
MPRegen  0.13/turn              x - ring of poison resistance

@: agile, heavily drained
A: talons 2, thin metallic scales 1, nightstalker 2, powered by pain 1
a: Draw Escape, Draw Destruction, Draw Summoning, Renounce Religion


You were on level 10 of the Dungeon.
You worshipped Nemelex Xobeh.
Nemelex Xobeh was aware of your devotion.
You were very hungry.

You visited 2 branches of the dungeon, and saw 11 of its levels.

You collected 583 gold pieces.

Inventory:

Hand Weapons
 n - a +3 whip of draining
 o - a +4 dire flail (weapon)
Armour
 b - a +0 scale mail (worn)
 c - a +1 shield
 A - a scarf of spirit shield (worn)
 C - a +1 helmet (worn)
Jewellery
 x - a ring of poison resistance (right hand)
 z - a ring of see invisible (left hand)
Wands
 h - a wand of acid (10)
 v - a wand of polymorph (5)
 B - a wand of paralysis (7)
Scrolls
 e - 4 scrolls of teleportation
 i - 4 scrolls of identify
 k - 4 scrolls of remove curse
 m - a scroll of fog
 t - 2 scrolls of amnesia
 w - a scroll of magic mapping
 y - a scroll of fear
Potions
 d - 3 potions of might
 g - 2 potions of mutation
 j - 5 potions of curing
 l - 2 potions of agility
 p - 2 potions of brilliance
 q - 2 potions of lignification
 s - a potion of heal wounds
Comestibles
 f - 23 rations


   Skills:
 + Level 6.3(5.1) Fighting
 * Level 9.4(8.0) Maces & Flails
 + Level 6.3(5.0) Armour
 + Level 4.4(3.2) Dodging
 - Level 6.3(5.0) Shields
 + Level 5.1(3.9) Invocations


You had 9 spell levels left.
You didn't know any spells.
Your spell library was empty.

Dungeon Overview and Level Annotations

Branches:
Dungeon (10/15)            Temple (1/1) D:6
   Lair: D:8-11         Orc: D:9-12

Altars:
Ashenzari
Cheibriados
Dithmenos
Elyvilon
Fedhas
Gozag
Hepliaklqana
Kikubaaqudgha
Makhleb
Nemelex Xobeh
Okawaru
Qazlal
Ru
Sif Muna
Trog
Uskayaw
Vehumet
Wu Jian
Xom
Yredelemnul
Zin
The Shining One

Shops:
D:5 =

Annotations:
D:3 1 runed translucent door, H0rd4k's ghost, amateur HuAr
D:4 3 runed translucent doors, Thantalas's ghost, amateur GnFi


Innate Abilities, Weirdness & Mutations

You have razor-sharp toenails.
You are partially covered in thin metallic scales. (AC +2)
You are significantly more attuned to the shadows.
You sometimes gain a little power by taking damage.


Message History

The orc warrior is heavily wounded.
The orc hits you but does no damage. The orc warrior completely misses you.
The troll misses you. The troll barely misses you. x2
You hit the orc warrior but do no damage.
Your kick misses the orc warrior.
The orc warrior is heavily wounded.
The orc barely misses you. The troll bites you but does no damage.
The troll claws you! x2
* * * LOW HITPOINT WARNING * * *
A centaur comes into view.
The orc warrior hits you with a +0 glaive!
* * * LOW HITPOINT WARNING * * *
The centaur wields a +0 shortbow.
The centaur shoots an arrow.
The arrow hits you.
* * * LOW HITPOINT WARNING * * *
An adder comes into view.
You see here an arrow.
The centaur shoots an arrow.
The arrow hits you!
You die...
Your body disappears without a glow.

#S..# #...#
###...######
.c.........##
......)o)....
....)@(oTo..#
###.).####..#
#.?.# # #...#
#...# #...#


You could see a troll, an orc warrior, a centaur, an adder and 2 orcs.

Vanquished Creatures
  A two-headed ogre (D:8)
  Prince Ribbit (D:8)
  A human (D:7)
  A hungry ghost (D:8)
  A yak (D:7)
  3 hogs (D:7)
  2 sky beasts
  An ice beast (D:9)
  An orc warrior (D:6)
  2 black bears
  2 phantoms
  4 centaurs
  8 ogres
  2 big kobolds
  5 bullfrogs
  A gnoll sergeant (D:9)
  A wyvern zombie (D:8)
  3 scorpions
  6 killer bees (D:9)
  6 wights
  5 howler monkeys
  3 crimson imps
  A quasit (D:6)
  An orc priest (D:10)
  A jelly (D:9)
  2 centaur skeletons
  3 hounds
  2 bullfrog skeletons
  4 iguanas
  4 orc wizards
  4 worker ants
  A hound zombie (D:6)
  2 hound skeletons
  13 adders
  4 gnolls (D:9)
  A shadow imp (D:6)
  An ooze (D:3)
  An adder skeleton (D:3)
  5 worms
  A dart slug (D:2)
  7 leopard geckos
  27 orcs
  8 bats
  4 giant cockroaches
  6 goblins
  10 hobgoblins
  9 jackals
  17 kobolds
  5 quokkas
  4 ball pythons
  10 frilled lizards
  A leopard gecko skeleton (D:4)
  A quokka skeleton (D:6)
  7 rats
227 creatures vanquished.

Vanquished Creatures (others)
  A ball lightning (D:10)
1 creature vanquished.

Grand Total: 228 creatures vanquished

Notes
Turn   | Place    | Note
-------+----------+-------------------------------------------
     0 | D:1      | Freyura the Demonspawn Fighter began the quest for the Orb.
     0 | D:1      | Reached XP level 1. HP: 18/18 MP: 1/1
   209 | D:1      | Gained mutation: You sometimes gain a little power by
                  | taking damage. [demonic ancestry]
   209 | D:1      | Reached XP level 2. HP: 15/24 MP: 2/2
   608 | D:1      | Reached skill level 2 in Maces & Flails
  1693 | D:2      | Found an iron altar of Okawaru.
  1699 | D:2      | Gained mutation: You are partially covered in thin metallic
                  | scales. (AC +2) [demonic ancestry]
  1699 | D:2      | Reached XP level 3. HP: 27/29 MP: 3/3
  1868 | D:2      | Reached XP level 4. HP: 28/35 MP: 4/4
  1983 | D:2      | Reached skill level 3 in Maces & Flails
  2265 | D:3      | Found a runed translucent door.
  2265 | D:3      | Noticed H0rd4k's ghost (amateur HuAr)
  2813 | D:3      | Gained mutation: You have sharp toenails. [demonic
                  | ancestry]
  2813 | D:3      | Reached XP level 5. HP: 36/41 MP: 5/5
  3180 | D:4      | Found a runed translucent gate.
  3180 | D:4      | Found a runed translucent gate.
  3180 | D:4      | Found a runed translucent gate.
  3181 | D:4      | Noticed Thantalas's ghost (amateur GnFi)
  3207 | D:4      | Reached skill level 4 in Maces & Flails
  3366 | D:4      | Reached skill level 1 in Dodging
  3366 | D:4      | Gained mutation: You have razor-sharp toenails. [demonic
                  | ancestry]
  3366 | D:4      | Reached XP level 6. HP: 45/48 MP: 6/6
  3368 | D:4      | Found a hide-covered altar of Uskayaw.
  3890 | D:5      | Entered Level 5 of the Dungeon
  3899 | D:5      | Reached skill level 5 in Maces & Flails
  3956 | D:5      | Gained mutation: You are slightly more attuned to the
                  | shadows. [demonic ancestry]
  3956 | D:5      | Reached XP level 7. HP: 41/54 MP: 7/7
  4331 | D:5      | Found Mounloha's Jewellery Boutique.
  4713 | D:5      | Reached skill level 6 in Maces & Flails
  5212 | D:6      | Reached XP level 8. HP: 48/60 MP: 8/8
  5614 | D:6      | Reached skill level 7 in Maces & Flails
  5979 | D:6      | Found a staircase to the Ecumenical Temple.
  5985 | Temple   | Entered the Ecumenical Temple
  6066 | Temple   | Became a worshipper of Nemelex Xobeh the Trickster
  6329 | D:7      | Reached skill level 5 in Shields
  6508 | D:7      | Received a gift from Nemelex Xobeh
  6523 | D:7      | Reached skill level 5 in Armour
  6523 | D:7      | Reached XP level 9. HP: 63/67 MP: 9/9
  6689 | D:7      | Reached skill level 1 in Invocations
  6701 | D:7      | Reached skill level 5 in Fighting
  6743 | D:7      | Reached skill level 8 in Maces & Flails
  7316 | D:8      | Noticed Prince Ribbit
  7337 | D:8      | Killed Prince Ribbit
  7624 | D:8      | Reached * piety under Nemelex Xobeh
  7675 | D:8      | Noticed a two-headed ogre
  7689 | D:8      | HP: 2/69 [two-headed ogre/+0 giant club (7)]
  7691 | D:8      | Killed a two-headed ogre
  7691 | D:8      | Reached skill level 9 in Maces & Flails
  7691 | D:8      | Gained mutation: You are significantly more attuned to the
                  | shadows. [demonic ancestry]
  7691 | D:8      | Reached XP level 10. HP: 2/76 MP: 11/13
  8139 | D:8      | Received a gift from Nemelex Xobeh
  8964 | D:9      | Reached skill level 5 in Invocations
  9199 | D:10     | Entered Level 10 of the Dungeon
  9229 | D:10     | Shot with an arrow by a centaur

Skill      XL: |  1  2  3  4  5  6  7  8  9 10 |
---------------+-------------------------------+-----
Maces & Flails | 2 3 4 5 6 7 9 |  9.4
Shields        | 3 4 5 6 |  6.3
Armour         | 3 4 5 6 |  6.3
Dodging        | 1 2 3 4 |  4.4
Fighting       | 4 6 |  6.3
Invocations    | 4 5 |  5.1

Action                   |  1- 3 |  4- 6 |  7- 9 | 10-12 || total
-------------------------+-------+-------+-------+-------++-------
Melee: Flail             |    73 |       |       |       ||    73
       Whip              |    73 |   237 |   348 |   184 ||   842
       Kick              |       |    27 |   101 |    69 ||   197
       Dire flail        |       |       |       |    24 ||    24
 Abil: Draw Destruction  |       |       |       |     3 ||     3
  Use: Scroll            |       |     9 |     3 |     5 ||    17
 Stab: Sleeping          |       |       |     1 |     5 ||     6
  Eat: Chunk             |     3 |     7 |     8 |     4 ||    22
       Ration            |       |       |     2 |       ||     2
Armor: Scale mail        |    90 |   111 |   126 |    40 ||   367
Dodge: Dodged            |    50 |    45 |    82 |    83 ||   260
Block: Shield            |    67 |    87 |   157 |    72 ||   383
